 Dungeon Crawl Stone Soup version 0.25-a0-496-g8c4878dea3 (webtiles) character file.

Game seed: 1108777134078118438, levelgen mode: deterministic

234 Eurus the Conjurer (level 5, 0/39 HPs)
             Began as a Mummy Conjurer on Feb 11, 2020.
             Slain by an ice beast (2 damage)
             ... on level 5 of the Dungeon on Feb 12, 2020.
             The game lasted 00:09:29 (4261 turns).

Eurus the Conjurer (Mummy Conjurer)                 Turns: 4261, Time: 00:09:29

Health: 0/39       AC:  2    Str: 11    XL:     5   Next: 75%
Magic:  0/11       EV: 12    Int: 16    God:
Gold:   159        SH:  0    Dex: 12    Spells: 5/12 levels left

rFire    . . .     SeeInvis .   d - +0 dagger (vamp)
rCold    + + .     Gourm    .   (no shield)
rNeg     + + +     Faith    .   a - +0 robe
rPois    ∞         Spirit   .   (no helmet)
rElec    .         Reflect  .   i - scarf {rC+ rF+}
rCorr    .         Harm     .   (no gloves)
MR       .....                  (no boots)
Stlth    ++........             (no amulet)
HPRegen  0.13/turn              (no ring)
MPRegen  0.12/turn              (no ring)

@: no status effects
A: no food or potions, fire vulnerability, cold resistance 1, negative energy
resistance 3, torment resistance, unbreathing
a: no special abilities


You were on level 5 of the Dungeon.
You were not hungry.

You visited 1 branch of the dungeon, and saw 5 of its levels.

You collected 159 gold pieces.

Inventory:

Hand Weapons
 d - a +0 vampiric dagger (weapon)
Armour
 a - a +0 robe (worn)
 i - a scarf of resistance (worn)
 r - a +4 scale mail
Jewellery
 m - an uncursed ring of ice {unknown}
 q - an uncursed ring of protection from magic {unknown}
 t - a cursed -2 ring of dexterity {unknown}
Wands
 o - a wand of flame (16)
Scrolls
 b - 2 scrolls of immolation {unknown}
 c - a scroll of random uselessness {unknown}
 e - 2 scrolls of enchant weapon {unknown}
 f - 2 scrolls of fear {unknown}
 g - a scroll of magic mapping {unknown}
 h - a scroll of fog {unknown}
 j - 4 scrolls of identify {unknown}
 k - a scroll of enchant armour {unknown}
 l - a scroll of teleportation {unknown}
 n - 2 scrolls of amnesia {unknown}
 p - a scroll of remove curse {unknown}
 s - a scroll of blinking {unknown}


   Skills:
 - Level 2.4 Fighting
 * Level 0.5 Armour
 - Level 1.5 Dodging
 - Level 1.5 Stealth
 + Level 4.3 Spellcasting
 + Level 4.3 Conjurations
 + Level 1.3 Translocations


You had 5 spell levels left.
You knew the following spells:

 Your Spells              Type           Power        Failure   Level  Hunger
a - Magic Dart            Conj           ###.         2%          1    N/A
b - Searing Ray           Conj           ###...       4%          2    N/A
c - Iskenderun's Mystic   Conj/Tloc      ##......     45%         4    N/A

Your spell library contained the following spells:

 Spells                   Type           Power        Failure   Level  Hunger
 Dazzling Flash           Conj/Hex       ##....       21%         3    N/A
 Fulminant Prism          Conj/Hex       ##........   54%         4    N/A

Dungeon Overview and Level Annotations

Branches:
Dungeon (5/15)
 Temple: D:4-7

Altars:
Makhleb
Wu Jian

Annotations:
D:2 1 runed translucent door, 1 exclusion


Innate Abilities, Weirdness & Mutations

You do not eat or drink.
Your flesh is vulnerable to fire.
You are immune to poison.
Your flesh is cold resistant. (rC+)
You are immune to negative energy. (rN+++)
You are immune to unholy pain and torment.
You can survive without breathing.


Message History

The ice beast is almost dead.
The ice beast barely misses you.
You hit the ice beast but do no damage.
The ice beast is almost dead.
The ice beast hits you.
* * * LOW HITPOINT WARNING * * *
The ice beast freezes you. You resist.
* * * LOW HITPOINT WARNING * * *
You hit the ice beast but do no damage.
The ice beast is almost dead.
The ice beast hits you but does no damage.
Casting: Magic Dart (safe; 2% risk of failure)
Confirm with . or Enter, or press ? or * to list all spells.
You don't know that spell.
You barely miss the ice beast.
The ice beast is almost dead.
The ice beast hits you.
* * * LOW HITPOINT WARNING * * *
The ice beast freezes you. You resist.
You die...

##....
/.)...
#.....####
.........#
.......#
.....#
##.Y.#
#..@.#
#....#
#..).#
#......
+.......
#........
##########


You could see an ice beast.

Vanquished Creatures
  3 hounds
  A worker ant (D:4)
  An adder (D:2)
  4 oozes
  2 dart slugs
  4 leopard geckos
  7 orcs
  4 giant cockroaches
  7 hobgoblins
  4 jackals (D:4)
  5 kobolds
  4 quokkas
  A ball python (D:4)
  9 bats
  6 frilled lizards
  8 goblins
  A jackal skeleton (D:5)
  10 rats
81 creatures vanquished.

Notes
Turn   | Place    | Note
-------+----------+-------------------------------------------
     0 | D:1      | Eurus the Mummy Conjurer began the quest for the Orb.
     0 | D:1      | Reached XP level 1. HP: 13/13 MP: 4/4
   334 | D:1      | Reached XP level 2. HP: 20/20 MP: 3/5
   918 | D:2      | Reached skill level 1 in Fighting
  1077 | D:2      | Learned a level 2 spell: Searing Ray
  1199 | D:2      | Reached XP level 3. HP: 26/26 MP: 5/7
  1513 | D:2      | Found a runed translucent door.
  2039 | D:2      | Reached XP level 4. HP: 32/32 MP: 7/9
  2049 | D:2      | Learned a level 4 spell: Iskenderun's Mystic Blast
  2571 | D:3      | Found an ornate altar of the Wu Jian Council.
  2777 | D:3      | Found a burning altar of Makhleb.
  3087 | D:4      | Reached XP level 5. HP: 34/38 MP: 3/11
  3295 | D:4      | Reached skill level 1 in Translocations
  4221 | D:4      | Upgraded the game from 0.25-a0-489-g9ae84a01e3 to
                  | 0.25-a0-496-g8c4878dea3
  4222 | D:5      | Entered Level 5 of the Dungeon
  4243 | D:5      | Noticed an ice beast
  4261 | D:5      | Slain by an ice beast

Levels and vault maps discovered:
D:1:      wander_arrival_fairy_ring, layout_basic
D:2:      layout_loops_corners, uniq_crazy_yiuf_cottage
D:3:      layout_basic, lemuel_doored_altar, makhleb_blood_cavern_becter
D:4:      layout_gridville, first_ration, kennysheep_path_1
D:5:      minmay_skewed_foursquare, layout_basic,
          minmay_temple_entry_junction_2, serial_shops, nicolae_shop_trees,
          uniq_edmund

Skill      XL: |  1  2  3  4  5 |
---------------+----------------+-----
Spellcasting   | 3 4 |  4.3
Fighting       | 1 2 |  2.4
Conjurations   | 4 |  4.3
Translocations | 1 |  1.3
Armour         | |  0.5
Dodging        | |  1.5
Stealth        | |  1.5

Action                   |  1- 3 |  4- 6 || total
-------------------------+-------+-------++-------
Melee: Dagger            |    65 |    73 ||   138
 Cast: Magic Dart        |    55 |    44 ||    99
       Searing Ray       |     3 |    12 ||    15
Armor: Robe              |     6 |    18 ||    24
Dodge: Dodged            |    36 |    56 ||    92

Table legend:
 A = Non-vault XP
 B = Vault XP
 C = Vault XP percentage of total XP
 D = Non-vault monster count
 E = Vault monster count
 F = Vault count percentage of total count
                 A         B        C        D         E       F
            +---------+---------+-------+---------+---------+-------
      Total |     293 |      42 |  12.5 |      80 |       1 |   1.2
            +---------+---------+-------+---------+---------+-------
        D:1 |      31 |       0 |   0.0 |      20 |       0 |   0.0
        D:2 |      67 |       0 |   0.0 |      22 |       0 |   0.0
        D:3 |      34 |      42 |  55.3 |      18 |       1 |   5.3
        D:4 |     157 |       0 |   0.0 |      18 |       0 |   0.0
        D:5 |       4 |       0 |   0.0 |       2 |       0 |   0.0
            +---------+---------+-------+---------+---------+-------
